 Dungeon Sprint DCSS version 0.26-b1-32-g5d43845318 (webtiles) character file.

Game seed: 15589457318723216428

3167 scsoc the Severer (level 9, 0/81 HPs)
             Began as a Hill Orc Fighter on Jan 6, 2021.
             Succumbed to poison (dark miasma)
             ... in the Dungeon (Sprint II: "The Violet Keep of Menkaure").
             The game lasted 00:05:09 (1176 turns).

scsoc the Severer (Hill Orc Fighter)                Turns: 1176, Time: 00:05:10

Health: 0/81       AC:  9    Str: 22    XL:     9   Next: 94%
Magic:  9/9        EV: 10    Int:  8    God:
Gold:   972        SH: 12    Dex: 10    Spells: 8/8 levels left

rFire    . . .     SeeInvis .   a - +0 war axe
rCold    . . .     Faith    .   c - +0 kite shield
rNeg     . . .     Spirit   .   b - +0 scale mail
rPois    .         Reflect  .   (no helmet)
rElec    .         Harm     .   (no cloak)
rCorr    .         Rampage  .   (no gloves)
Will     .....     NoTele   +   (no boots)
Stlth    ..........             (no amulet)
HPRegen  0.23/turn              (no ring)
MPRegen  0.11/turn              (no ring)

@: lethally poisoned (0 -> -24), slowed, very slow
A: frail 1
a: no special abilities


You were in the Dungeon.
You visited 1 branch You collected 972 gold pieces.

Inventory:

Hand Weapons
 a - a +0 war axe (weapon)
Armour
 b - a +0 scale mail (worn)
 c - a +0 kite shield (worn)
Scrolls
 d - a scroll of identify {unknown}
 j - a scroll of blinking
Potions
 e - a potion of curing
 f - a potion of heal wounds
 g - a potion of haste
 h - 2 potions of magic


   Skills:
 + Level 12.4 Fighting
 + Level 15.4 Axes
 + Level 12.2 Armour
 + Level 3.0 Dodging
 + Level 1.0 Stealth
 + Level 12.0 Shields


You had 8 spell levels left.
You didn't know any spells.
Your spell library was empty.

Dungeon Overview and Level Annotations

Branches:
Dungeon (1/1)

Altars:

Shops:
D [?!!:=:}[[[

Annotations:
D exclusion: ice statue


Innate Abilities, Weirdness & Mutations

You are frail. (-10% HP)


Message History

Really walk into a travel-excluded area?
You are engulfed in dark miasma.
You are poisoned.
You feel very sick.
You are engulfed in dark miasma.
You are more poisoned.
You feel yourself slow down.
You feel very sick.
Really walk into that cloud of foul pestilence?
You are engulfed in dark miasma.
You are lethally poisoned!
You feel extremely sick.
* * * LOW HITPOINT WARNING * * *
You feel extremely sick.
You open the gate.
* * * LOW HITPOINT WARNING * * *
You feel very sick.
* * * LOW HITPOINT WARNING * * *
You feel extremely sick.
* * * LOW HITPOINT WARNING * * *
You feel very sick.
You die...

.∩.∩..#≈##.###'###.##..#
∩.∩...#≈#.#.##.##..##..#
.∩....+≈'###'.<.'.##'..###
∩.....#≈#.#.##.##.#.#....###
▓▓▓▓###≈##.###'###.##......≈
$######≈≈####.#.####≈≈.....≈
##≈≈≈#.##..#§≈≈≈≈≈≈§.≈
#†#≈###..##≈§≈≈≈≈≈≈.≈
#.#≈@##'##°≈≈≈≈≈≈≈≈≈≈
####☼○○≈≈°°§§≈≈≈§§§≈§
#☼''#'''#≈§≈≈≈§≈≈§
#.○.☼.°☼##§≈≈###§§
#..○○°°°☼°##≈≈# ≈≈
+..°.°○○°°○.+≈≈#
##○°°°○○○☼°##§≈§≈
##○○°○☼○☼## ##### ####+####
§≈≈§


There were no monsters in sight!

Vanquished Creatures
  12 flying skulls (D)
  2 wyverns (D)
  4 neqoxecs (D)
  A water moccasin (D)
  4 necrophages (D)
  A hell rat (D)
  3 worms (D)
27 creatures vanquished.

Vanquished Creatures (others)
  Menkaure (D)
  A water moccasin (D)
2 creatures vanquished.

Grand Total: 29 creatures vanquished

Notes
Turn   | Place    | Note
-------+----------+-------------------------------------------
     0 | D        | scsoc the Hill Orc Fighter began the quest for the Orb.
     0 | D        | Reached XP level 1. HP: 19/19 MP: 1/1
     1 | D        | Noticed a necrophage
     1 | D        | Noticed a necrophage
     1 | D        | Noticed a necrophage
     1 | D        | Noticed a necrophage
     5 | D        | Killed a necrophage
     6 | D        | Reached skill level 4 in Axes
     6 | D        | Reached skill level 5 in Shields
     6 | D        | Reached XP level 2. HP: 21/31 MP: 2/2
     6 | D        | Reached XP level 3. HP: 26/38 MP: 3/3
     6 | D        | Reached XP level 4. HP: 31/45 MP: 4/4
    16 | D        | Killed a necrophage
    17 | D        | Reached skill level 5 in Axes
    17 | D        | Reached XP level 5. HP: 28/53 MP: 5/5
    25 | D        | Killed a necrophage
    26 | D        | Reached skill level 6 in Axes
    26 | D        | Reached XP level 6. HP: 31/62 MP: 6/6
    31 | D        | Killed a necrophage
    32 | D        | Reached skill level 7 in Axes
    33 | D        | Killed a water moccasin
   225 | D        | Noticed an ice statue
   227 | D        | Noticed a water moccasin
   237 | D        | Killed a water moccasin
   238 | D        | Reached skill level 8 in Axes
   238 | D        | Reached skill level 1 in Dodging
   238 | D        | Reached XP level 7. HP: 58/71 MP: 7/7
   245 | D        | Noticed a neqoxec
   245 | D        | Noticed a neqoxec
   245 | D        | Noticed a neqoxec
   245 | D        | Noticed a neqoxec
   249 | D        | Gained mutation: You are frail. (-10% HP) [a neqoxec]
   253 | D        | Killed a neqoxec
   254 | D        | Reached skill level 10 in Fighting
   254 | D        | Reached skill level 9 in Axes
   259 | D        | Killed a neqoxec
   260 | D        | Reached skill level 10 in Axes
   265 | D        | Killed a neqoxec
   266 | D        | Reached skill level 10 in Armour
   273 | D        | Killed a neqoxec
   274 | D        | Reached skill level 11 in Axes
   274 | D        | Reached XP level 8. HP: 19/72 MP: 8/8
   514 | D        | Noticed a wyvern
   514 | D        | Noticed a wyvern
   520 | D        | Killed Menkaure
   521 | D        | Killed a wyvern
   528 | D        | Killed a wyvern
   529 | D        | Reached skill level 12 in Axes
   529 | D        | Reached skill level 10 in Shields
   657 | D        | Found Toucewna's Antique Armour Emporium.
   657 | D        | Found Qykh's Gadget Shoppe.
   657 | D        | Found Gaodaics's Armour Shoppe.
   657 | D        | Found Usuas's Book Emporium.
   658 | D        | Found Eqesoh's Armour Emporium.
   658 | D        | Found Kadock's Book Shoppe.
   658 | D        | Found Teluwoto's Distillery.
   658 | D        | Found Uchoyveh's Distillery.
   659 | D        | Found Xycitt's Magic Scroll Emporium.
   659 | D        | Found Jicikep's Antique Armour Shoppe.
   660 | D        | Found Koot's Jewellery Emporium.
   671 | D        | Noticed a flying skull
   671 | D        | Noticed a flying skull
   684 | D        | Killed a flying skull
   762 | D        | Noticed a flying skull
   762 | D        | Noticed a flying skull
   762 | D        | Noticed a flying skull
   762 | D        | Noticed a flying skull
   762 | D        | Noticed a flying skull
   762 | D        | Noticed a flying skull
   764 | D        | Noticed a flying skull
   765 | D        | Noticed a flying skull
   773 | D        | Killed a flying skull
   774 | D        | Reached skill level 13 in Axes
   777 | D        | Killed a flying skull
   778 | D        | Reached XP level 9. HP: 80/80 MP: 9/9
   797 | D        | Reached skill level 14 in Axes
   843 | D        | Reached skill level 15 in Axes
  1060 | D        | Reached skill level 1 in Stealth
  1176 | D        | Succumbed to poison (dark miasma)

Illustrated notes

Levels and vault maps discovered:
D:        the_violet_keep_of_menkaure [sprint2_stairs_cluster_1,
          sprint2_shoproom, sprint2_temple, sprint2_basic_supplies,
          sprint2_obstacle_1, sprint2_obstacle_6, sprint2_obstacle_2,
          sprint2_obstacle_5, sprint2_obstacle_3, sprint2_timed_cluster_1,
          sprint2_smallroom_cluster_1, sprint2_smallroom_final_cluster_1,
          sprint2_transparent_cluster_1, sprint2_second_timed_cluster_1,
          sprint2_sniper_area_1, sprint2_heavy_combat_area_1,
          sprint2_mutation_trap_area_1, sprint2_forest_area_1,
          sprint2_light_combat_area_1, sprint2_behind_water_1,
          sprint2_near_end_vault_1]

Skill      XL: |  1  2  3  4  5  6  7  8  9 |
---------------+----------------------------+-----
Fighting       | 6 8 9 10 11 12 | 12.4
Axes           | 4 5 6 8 11 13 15 | 15.4
Armour         | 6 7 9 10 11 12 | 12.2
Shields        | 5 6 7 8 9 10 12 | 12.0
Dodging        | 1 2 3 |  3.0
Stealth        | 1 |  1.0

Action                   |  1- 3 |  4- 6 |  7- 9 || total
-------------------------+-------+-------+-------++-------
Melee: War axe           |     3 |    36 |   132 ||   171
  Use: Potion            |       |       |     2 ||     2
Armor: Scale mail        |       |     9 |    24 ||    33
Dodge: Dodged            |     1 |     8 |    29 ||    38
Block: Kite shield       |     1 |    18 |    51 ||    70
